 Dungeon Crawl Stone Soup version 0.17-a0-1479-g4041c36 (webtiles) character file.

350 emikaela the Skirmisher (level 6, -2/45 HPs)
             Began as an Octopode Wanderer on July 3, 2015.
             Was an Initiate of Ashenzari.
             Slain by a gnoll
             ... wielding a +0 spear
              (6 damage)
             ... on level 4 of the Dungeon.
             The game lasted 00:12:35 (3258 turns).

emikaela the Skirmisher (Octopode Wanderer)         Turns: 3258, Time: 00:12:35

Health: -2/45      AC:  1    Str: 10    XL:     6   Next: 60%
Magic:  7/7        EV: 13    Int: 16    God:    Ashenzari [......]
Gold:   157        SH:  0    Dex: 13    Spells: 0 memorised, 7 levels left

rFire  . . .     SeeInvis .     a - +2 shortbow
rCold  . . .     Clarity  .     (no shield)
rNeg   . . .     SustAt   .     (helmet restricted)
rPois  .         Gourm    .     (no amulet)
rElec  .         Spirit   .     A - ring of wizardry
rCorr  .         Warding  .     (no ring)
rMut   .         Stasis   .     (no ring)
MR     .....                    (no ring)
Stlth  ++++......               (no ring)
                                (no ring)
                                (no ring)
                                (no ring)

@: not resistant to hostile enchantments, stealthy
A: almost no armour, amphibious, 8 rings, constrict 8, camouflage 1, gelatinous
body 1
a: Renounce Religion


You were on level 4 of the Dungeon.
You worshipped Ashenzari.
Ashenzari was noncommittal.
You were not hungry.

You visited 1 branch of the dungeon, and saw 4 of its levels.

You collected 157 gold pieces.

Inventory:

Hand weapons
 a - a +2 shortbow (weapon)
 b - a +1 dagger of draining
 c - a +0 hand crossbow
Missiles
 d - 25 bolts
 h - an arrow (quivered)
 l - 14 sling bullets
 m - 54 stones
 y - 2 tomahawks
 z - 11 poisoned needles
 B - a throwing net
Jewellery
 A - a ring of wizardry (left tentacle)
Magical devices
 e - a wand of random effects (15)
Scrolls
 g - 3 scrolls of teleportation
 i - a scroll of blinking {unknown}
 j - a scroll of fog {unknown}
 q - a scroll of amnesia {unknown}
 r - 2 scrolls of remove curse
 s - a scroll of magic mapping
 t - a scroll of noise {unknown}
Potions
 k - a potion of lignification
 o - 3 potions of curing
 p - a potion of flight
 u - a potion of haste
 v - 2 potions of mutation
 x - a potion of cancellation
Comestibles
 f - 3 bread rations
 n - a slice of pizza
 w - a chunk of flesh


   Skills:
 + Level 5.4 Fighting
 - Level 2.0 Bows
 + Level 3.3 Dodging
 + Level 5.1 Stealth
 - Level 1.0 Spellcasting
   Level 2.0 Charms
 - Level 1.1 Evocations


You had 7 spell levels left.
You didn't know any spells.

Dungeon Overview and Level Annotations

Branches:
Dungeon (4/15)
 Temple: D:4-7

Altars:
Ashenzari
Elyvilon
Fedhas
Gozag
Makhleb
Trog
Yredelemnul
Zin

Annotations:
D:2 Jessica


Innate Abilities, Weirdness & Mutations

You cannot wear most types of armour.
You are amphibious.
You can wear up to eight rings at the same time.
You can use your tentacles to constrict eight enemies at once.
Your skin changes colour to match your surroundings (Stealth).
Your rubbery body absorbs attacks (AC +1).


Message History

You shoot an arrow. The arrow barely misses the gnoll.
The gnoll hits you from afar with a spear.
Firing (i - inventory. (,) - cycle):
h - 4 arrows (quivered)
Press: ? - help, Shift-Dir - straight line, f/p - gnoll
Aim: a gnoll, wielding a spear (severely wounded)
You shoot an arrow. The arrow closely misses the gnoll.
The gnoll hits you from afar with a spear!
* * * LOW HITPOINT WARNING * * *
Firing (i - inventory. (,) - cycle):
h - 3 arrows (quivered)
Press: ? - help, Shift-Dir - straight line, f/p - gnoll
Aim: a gnoll, wielding a spear (severely wounded)
You shoot an arrow. The arrow hits the gnoll.
The gnoll is severely wounded.
The gnoll barely misses you.
Firing (i - inventory. (,) - cycle):
h - 2 arrows (quivered)
Press: ? - help, Shift-Dir - straight line, f/p - gnoll
Aim: a gnoll, wielding a spear (severely wounded)
You shoot an arrow. The arrow barely misses the gnoll.
The gnoll hits you from afar with a spear.
You die...

..(..##**##....#.# ......#
#.....#(# ......* #.....#.##
.....*#####...#...#
.(.(*##..###..#...#
.((###....###!g...#
..(##......##..#g##
...(.........g.#.#
...............#@#
#.##..#...######.#############
#.##(.....#####).............####
........)........####..##.......#
#.##..#.#.#####)#####............
#.*#.......# #.##........##.##.#
,,*#.......# #.##.##.>.#....##.#
*,.ยง#.#.##.#*
#.##.##...#.##.##.# *.#......*..#
#..............##.#


You could see a gnoll.

Vanquished Creatures
  An ogre (D:4)
  Ijyb (D:2)
  Natasha (thrice) (D:2)
  A worker ant (D:4)
  A hound zombie (D:3)
  A worker ant zombie (D:3)
  9 adders
  2 gnolls (D:4)
  A worm (D:3)
  3 giant geckos (D:3)
  3 orcs
  9 bats
  9 hobgoblins
  2 quokkas
  5 giant newts
  10 goblins
  4 kobolds
  8 rats
73 creatures vanquished.

Notes
Turn   | Place    | Note
--------------------------------------------------------------
     0 | D:1      | emikaela the Octopode Wanderer began the quest for the Orb.
     0 | D:1      | emikaela set off with: a +2 shortbow, 23 arrows, a +0 hand crossbow, 25 bolts, a wand of random effects (15), a bread ration
     0 | D:1      | Reached XP level 1. HP: 17/17 MP: 2/2
   159 | D:1      | Reached XP level 2. HP: 10/22 MP: 3/3
   864 | D:2      | Noticed Natasha
   870 | D:2      | Killed Natasha
   870 | D:2      | Reached skill level 1 in Dodging
   870 | D:2      | Reached XP level 3. HP: 12/27 MP: 4/4
  1136 | D:2      | Found a shattered altar of Ashenzari.
  1146 | D:2      | Became a worshipper of Ashenzari the Shackled
  1170 | D:2      | Noticed Natasha
  1176 | D:2      | Killed Natasha
  1224 | D:2      | Reached XP level 4. HP: 31/33 MP: 5/5
  1474 | D:2      | Noticed Ijyb
  1489 | D:2      | Killed Ijyb
  1653 | D:2      | Found a white marble altar of Elyvilon.
  1656 | D:2      | Noticed Jessica
  1673 | D:2      | Found a glowing silver altar of Zin.
  1674 | D:2      | Found an opulent altar of Gozag.
  1808 | D:2      | Noticed Natasha
  1809 | D:2      | Killed Natasha
  1930 | D:3      | Reached XP level 5. HP: 35/38 MP: 6/6
  2663 | D:4      | Reached skill level 5 in Fighting
  2760 | D:4      | Found a burning altar of Makhleb.
  2760 | D:4      | Found a blossoming altar of Fedhas.
  2761 | D:4      | Found a basalt altar of Yredelemnul.
  2762 | D:4      | Found a bloodstained altar of Trog.
  2779 | D:4      | Reached XP level 6. HP: 31/45 MP: 7/7
  3073 | D:4      | Noticed an ogre
  3080 | D:4      | Killed an ogre
  3222 | D:4      | Reached skill level 5 in Stealth
  3258 | D:4      | Slain by a gnoll

Vault maps used:
D:1:      dpeg_arrival_rooms_with_view
D:2:      grunt_temple_overflow_gold_and_silver, nicolae_overflow_hidden_temple,
          first_bread, evilmike_ruin_ashenzari, uniq_jessica, uniq_iyjb,
          uniq_natasha
D:4:      grunt_temple_overflow_open, grunt_dithmenos_smoke_and_mirrors,
          minmay_misc_feat_diagonals, minivault_19

Action                   |  1- 3 |  4- 6 || total
-------------------------+-------+-------++-------
Melee: Dagger            |    40 |    74 ||   114
 Fire: Shortbow          |    12 |    47 ||    59
  Use: Scroll            |       |     8 ||     8
 Stab: Sleeping          |     4 |    17 ||    21
       Distracted        |       |     1 ||     1
  Eat: Chunk             |       |     7 ||     7
